 Dungeon Crawl Stone Soup version 0.31-a0-121-g1e386dd289 (webtiles) character file.

Game seed: 4440000275219765218

2730 ragingrage the Cleaver (level 9, -17/66 HPs)
             Began as an Armataur Fire Elementalist on May 31, 2023.
             Was a Believer of Okawaru.
             Demolished by a skeletal warrior
             ... wielding a +0 hand axe
              (22 damage)
             ... while paralysed
             ... on level 7 of the Dungeon.
             The game lasted 00:08:51 (6950 turns).

ragingrage the Cleaver (Armataur Fire Elementalist) Turns: 6950, Time: 00:08:52

Health: -17/66     AC: 12    Str: 15 (17) XL:     9   Next: 40%
Magic:  10/11      EV:  1    Int: 15 (17) God:    Okawaru [**....]
Gold:   385        SH:  0    Dex: -2 (2)  Spells: 5/11 levels left

rFire   . . .        n - +0 hand axe of Youthful Indiscretion {distort, rPois rCorr Dex-3 SInv}
rCold   . . .        (no shield)
rNeg    + . .        v - +4 scale mail
rPois   +            h - +0 helmet
rElec   +            K - scarf of the Frog {shadows, rElec Dex-5 Slay+3 SInv}
rCorr   +            (no gloves)
SInv    +            (no barding)
Will    .....        (no amulet) Stlth
                     L - ring of poison resistance
HPRegen 0.31/turn    E - ring of positive energy
MPRegen 0.12/turn

%: roll
@: paralysed, about to teleport, slowed, lost dexterity
A: large, rugged brown scales 3, deformed body, armoured tail, roll, long
tongue, awkward tongue
a: Renounce Religion, Heroism


You were on level 7 of the Dungeon.
You worshipped Okawaru.
Okawaru was pleased with you.
You visited 1 branch of the dungeon, and saw 7 of its levels.
You also visited: Sewer.

You collected 385 gold pieces.

Inventory:

Hand Weapons
 n - the +0 hand axe of Youthful Indiscretion (weapon) {distort, rPois rCorr Dex-3 SInv}
   (You found it on level 2 of the Dungeon)

   Dex:       It affects your dexterity (-3).
   rPois:     It protects you from poison.
   SInv:      It lets you see invisible.
   rCorr:     It protects you from acid and corrosion.
 A - a +1 war axe
Missiles
 s - 19 poisoned darts
 B - 6 curare-tipped darts
Armour
 h - a +0 helmet (worn)
 o - a +1 robe of the Archmagi
 t - a +0 cloak
 v - a +4 scale mail (worn)
 F - a +2 chain mail of poison resistance
 K - the scarf of the Frog (worn) {shadows, rElec Dex-5 Slay+3 SInv}
   (You found it on level 6 of the Dungeon)

   Dex:       It affects your dexterity (-5).
   Slay:      It affects your accuracy & damage with ranged weapons and melee
   (+3).
   rElec:     It insulates you from electricity.
   SInv:      It lets you see invisible.
Jewellery
 E - a ring of positive energy (right hand)
 L - a ring of poison resistance (left hand)
Wands
 w - a wand of charming (5)
 y - a wand of flame (19)
 C - a wand of quicksilver (15)
 J - a wand of polymorph (10)
Scrolls
 d - 2 scrolls of teleportation
 g - 2 scrolls of amnesia {unknown}
 i - 2 scrolls of noise {unknown}
 l - 2 scrolls of fog {unknown}
 r - 3 scrolls of vulnerability {unknown}
 x - a scroll of blinking {unknown}
 z - 8 scrolls of identify {unknown}
 G - 2 scrolls of magic mapping {unknown}
 H - 2 scrolls of enchant weapon {unknown}
 M - a scroll of brand weapon {unknown}
Potions
 b - a potion of magic
 c - a potion of lignification {unknown}
 e - 3 potions of cancellation {unknown}
 j - 2 potions of resistance {unknown}
 k - 5 potions of heal wounds {unknown}
 m - 2 potions of curing {unknown}
 p - 2 potions of attraction {unknown}
 q - 4 potions of enlightenment {unknown}
 u - 6 potions of haste {unknown}
 D - 2 potions of mutation {unknown}
 I - a potion of ambrosia {unknown}


   Skills:
 + Level 8.5 Axes
 - Level 5.0 Armour
 - Level 1.3 Dodging
 - Level 2.1 Stealth
 - Level 1.7 Spellcasting
 - Level 3.0 Conjurations
 + Level 0.0 Transmutations
 - Level 6.0 Fire Magic


You had 5 spell levels left.
You knew the following spells:

 Your Spells              Type           Power      Damage    Failure   Level
a - Beastly Appendage     Tmut           2%         N/A       63%         1
b - Scorch                Fire           38%        2d7       11%         2
c - Foxfire               Conj/Fire      56%        2x1d6     13%         1
d - Wereblood             Tmut           1%         N/A       77%         2

Your spell library contained the following spells:

 Spells                   Type           Power      Damage    Failure   Level
 Shock                    Conj/Air       20%        1d4       41%         1
 Inner Flame              Hex/Fire       10%        N/A       56%         3
 Volatile Blastmotes      Fire/Tloc      20%        2d11      56%         3
 Apportation              Tloc           2%         N/A       63%         1
 Sublimation of Blood     Necr           1%         N/A       77%         2
 Flame Wave               Conj/Fire      14%        2d6       77%         4
 Ozocubu's Armour         Ice            1%         N/A       94%         3
 Spider Form              Tmut/Pois      1%         N/A       94%         3
 Swiftness                Air            1%         N/A       94%         3
 Airstrike                Air            0%         2d(1-17)  100%        4
 Leda's Liquefaction      Hex/Erth       0%         N/A       100%        4
 Alistair's Intoxication  Tmut/Pois      0%         N/A       100%        5
 Lee's Rapid Deconstruct  Erth           0%         3d4*      100%        5
 Metabolic Englaciation   Hex/Ice        0%         N/A       100%        5
 Leda's Unmaking          Conj/Erth      2%         9d1       100%        6
 Statue Form              Tmut/Erth      0%         N/A       100%        6
 Simulacrum               Ice/Necr       Unusable   N/A       N/A         6
 Summon Hydra             Summ           Unusable   N/A       N/A         7

Dungeon Overview and Level Annotations

Branches:
Dungeon (7/15)             Temple (0/1) D:5           Sewer (visited)

Altars:
Ashenzari
Gozag
Kikubaaqudgha
Okawaru
Qazlal
Yredelemnul

Shops:
D:3 (

Annotations:
D:2 Terence
D:5 Dig
Abyss:1 Duvessa


Innate Abilities, Weirdness & Mutations

You are completely covered in rugged brown scales. (AC +3, +7% HP)
Armour fits poorly on your strangely shaped body.
You have a long armoured tail.
You roll when moving toward enemies. (Rampage)
Your long tongue fully drains potion bottles. (2x potion effects)
Your tongue gives you trouble enunciating. (1.5x scroll delay)


Message History

The skeletal warrior's fire resistance burns away.
You hit the skeletal warrior but do no damage.
The skeletal warrior hits you with a +0 hand axe!
You completely miss the skeletal warrior.
The skeletal warrior hits you with a +0 hand axe!
You closely miss the skeletal warrior.
Your tail-slap misses the skeletal warrior.
You closely miss the skeletal warrior.
You tail-slap the skeletal warrior, but do no damage.
The skeletal warrior hits you with a +0 hand axe!
Throw: 19 darts (poison)
Press: ? - help, Shift-Dir - straight line, f - skeletal warrior
Aim: a skeletal warrior, wielding a +0 hand axe (lightly damaged, more vulnerable to fire, 52% to hit)
Okay, then.
Casting: Scorch (safe; 8% risk of failure)
Press: ? - help, Q - select action, (/) - cycle Dir - look around, f - activate
Okay, then.
Throw: throwing net
Press: ? - help, Shift-Dir - straight line, f - skeletal warrior
Aim: a skeletal warrior, wielding a +0 hand axe (lightly damaged, more vulnerable to fire, 52% to hit)
You throw a throwing net.
The throwing net closely misses the skeletal warrior.
The skeletal warrior is no longer more vulnerable to fire.
The skeletal warrior hits you with a +0 hand axe!!
* * * LOW HITPOINT WARNING * * *
As you slowly read the scroll labelled MELISSACAS, it crumbles to dust.
You feel strangely unstable.
It was a scroll of teleportation.
The skeletal warrior hits you with a +0 hand axe.
* * * LOW HITPOINT WARNING * * *
The skeletal warrior hits you with a +0 hand axe!
* * * LOW HITPOINT WARNING * * *
Unknown command.
It was a potion of degeneration.
There was something very wrong with that liquid.
You feel weakened.
You feel dopey.
You feel clumsy.
You have lost your dexterity.
You slurp down every last drop of the potion of degeneration!
The skeletal warrior hits you with a +0 hand axe!!
You die...

......# #.....# #.........#
#.....# #.....# ##.......##
......# #.....# #.........#
##....####...#####....†....#
##...z........# #>...<.....##
##.....###....# #...........##
..####.#......# #............#
#.####.#.##...###.#...>...##.#
#.........(....z@.##.....###.#
###....####.#..########### #.##
#.#.#####.#....###########..#
...#.##..#.#..#............#.##
.##
........#..############....#
.##......#..## ###..# ##
#..P♣......# ####
###....#.##.### #......#.##...#


You could see a skeletal warrior.

Vanquished Creatures
  A wyvern (D:6)
  A steam dragon (D:6)
  2 sky beasts
  An ice beast (D:5)
  A black bear (D:5)
  An orc warrior (D:4)
  A centaur (D:6)
  An ogre (D:5)
  2 kobold brigands
  2 bullfrogs (D:6)
  3 necrophages (D:4)
  4 scorpions
  2 wights (D:4)
  Dowan (D:4)
  A howler monkey (D:6)
  4 hounds
  A gnoll bouda (D:6)
  A human zombie (D:4)
  2 jellies (D:5)
  An orc priest (D:5)
  A sleepcap (D:5)
  3 iguanas
  An orc wizard (D:7)
  3 hound zombies (D:4)
  12 gnolls
  7 adders
  4 river rats (Sewer)
  3 shadow imps
  2 adder zombies (D:4)
  2 worms
  2 dart slugs
  13 orcs
  6 ball pythons
  4 bats
  3 endoplasms
  A giant cockroach (D:1)
  3 goblins
  6 hobgoblins
  6 jackals
  17 kobolds
  A quokka (D:1)
  8 frilled lizards
  13 rats
154 creatures vanquished.

Vanquished Creatures (collateral kills)
  An orc priest (D:4)
  2 orcs (D:4)
3 creatures vanquished.

Vanquished Creatures (others)
  55 foxfires
55 creatures vanquished.

Grand Total: 212 creatures vanquished

Notes
Turn   | Place    | Note
-------+----------+-------------------------------------------
     0 | D:1      | ragingrage the Armataur Fire Elementalist began the quest
                  | for the Orb.
     0 | D:1      | Reached XP level 1. HP: 14/14 MP: 3/3
    26 | D:1      | Reached skill level 1 in Conjurations
   275 | D:1      | Reached XP level 2. HP: 21/21 MP: 4/4
  1237 | D:2      | Identified the +0 hand axe of Youthful Indiscretion
                  | {distort, rPois rCorr Dex-3 SInv}
  1287 | D:2      | Reached XP level 3. HP: 27/27 MP: 5/5
  1729 | D:2      | Noticed Terence
  1942 | D:3      | Reached XP level 4. HP: 19/35 MP: 6/6
  2095 | D:3      | Found Wutazount's Antique Weapon Emporium.
  2245 | D:3      | Reached skill level 1 in Axes
  2333 | D:3      | Reached XP level 5. HP: 35/40 MP: 7/7
  2623 | D:4      | Noticed Dowan
  2693 | D:4      | Noticed Duvessa
  2835 | D:4      | Banished Duvessa
  2836 | D:4      | Reached skill level 2 in Axes
  2839 | D:4      | Killed Dowan
  2840 | D:4      | Reached skill level 3 in Axes
  2840 | D:4      | Reached XP level 6. HP: 42/45 MP: 8/8
  3003 | D:4      | Learned a level 2 spell: Scorch
  3188 | D:4      | Reached skill level 1 in Armour
  3288 | D:4      | Noticed an orc warrior
  3409 | D:4      | Reached XP level 7. HP: 50/53 MP: 9/9
  3561 | D:4      | Found a basalt altar of Yredelemnul.
  3576 | D:4      | Reached skill level 4 in Axes
  3638 | D:4      | Reached skill level 5 in Fire Magic
  3896 | D:5      | Entered Level 5 of the Dungeon
  3912 | D:5      | Reached XP level 8. HP: 60/60 MP: 1/10
  4088 | D:5      | Found an iron altar of Okawaru.
  4114 | D:5      | Became a worshipper of Warmaster Okawaru
  4200 | D:5      | Reached skill level 5 in Axes
  4200 | D:5      | Reached skill level 5 in Armour
  4356 | D:5      | Found a broken altar of Ashenzari.
  4361 | D:5      | Found a staircase to the Ecumenical Temple.
  4890 | D:6      | Found a glowing drain.
  4919 | Sewer    | Entered a sewer
  5401 | D:6      | Reached skill level 6 in Axes
  5583 | D:6      | Reached * piety under Okawaru
  5600 | D:6      | Reached skill level 7 in Axes
  5740 | D:6      | Learned a level 1 spell: Beastly Appendage
  5796 | D:6      | Identified the scarf of the Frog {shadows, rElec Dex-5
                  | Slay+3 SInv}
  5926 | D:6      | Reached XP level 9. HP: 63/66 MP: 11/11
  6057 | D:6      | Reached ** piety under Okawaru
  6423 | D:7      | Reached skill level 8 in Axes
  6478 | D:7      | Found a stormy altar of Qazlal.
  6577 | D:7      | Found an opulent altar of Gozag.
  6577 | D:7      | Noticed a komodo dragon
  6922 | D:7      | Learned a level 2 spell: Wereblood
  6922 | D:7      | Found an ancient bone altar of Kikubaaqudgha.
  6922 | D:7      | Noticed a skeletal warrior
  6950 | D:7      | Lost dexterity.
  6950 | D:7      | Demolished by a skeletal warrior

Illustrated notes

Levels and vault maps discovered:
D:1:      amcnicky_arrival_double_pillar, layout_loops_ring, grunt_decor_clamped
D:2:      layout_loops_ring, uniq_terence
D:3:      layout_basic, serial_shops, shop_statue
D:4:      layout_loops_corners, lemuel_mausoleum_altar_yredelemnul, uniq_duvessa
D:5:      layout_basic, okawaru_metal_pillars_1_2, cheibrodos_ashenzari_chains,
          minmay_temple_entry_wispy, minmay_statues_item, minmay_holes,
          chequers_serial_rivers_micro_b
D:6:      layout_basic, portal_sewer_entry_c
D:7:      layout_rooms, chequers_temple_overflow_minitemple,
          grunt_qazlal_sundering, serial_park_tiny_1, hangedman_feature_mirror,
          minmay_liquid_box

Skill      XL: |  1  2  3  4  5  6  7  8  9 |
---------------+----------------------------+-----
Conjurations   | 1 2 3 |  3.0
Fire Magic     | 3 4 5 6 |  6.0
Axes           | 1 3 4 7 8 |  8.5
Armour         | 2 4 5 |  5.0
Dodging        | |  1.3
Stealth        | |  2.1
Spellcasting   | |  1.7

Action                     |  1- 3 |  4- 6 |  7- 9 || total
---------------------------+-------+-------+-------++-------
  Melee: Short sword       |    12 |       |       ||    12
         Unarmed           |     2 |       |       ||     2
         Dagger            |    12 |       |       ||    12
         Hand axe          |    16 |   138 |   266 ||   420
         Tailslap          |     1 |    10 |    32 ||    43
         Punch             |       |     1 |     1 ||     2
  Throw: Throwing net      |       |       |     1 ||     1
   Cast: Foxfire           |    33 |       |     1 ||    34
         Scorch            |       |       |    51 ||    51
         Beastly Appendage |       |       |     1 ||     1
  Evoke: Wand              |       |     4 |     3 ||     7
    Use: Scroll            |       |       |     1 ||     1
         Potion            |       |       |     1 ||     1
   Stab: Sleeping          |     6 |     1 |       ||     7
         Betrayed ally     |       |     1 |       ||     1
 Armour: Robe              |    20 |    20 |       ||    40
         Scale mail        |       |    70 |   148 ||   218
  Dodge: Dodged            |    26 |    46 |    95 ||   167

Table legend: (Time is in decaauts)
 A = Elapsed time spent in this place.
 B = Non-inter-level travel time spent in this place.
 C = Inter-level travel time spent in this place.
 D = Time resting spent in this place.
 E = Time spent auto-exploring this place.
 F = Levels seen in this place.
 G = Mean time per level.
                   A        B        C        D        E       F      G
               +--------+--------+--------+--------+--------+-----+--------+
         Total |   6986 |   6737 |    249 |   1313 |   4032 |   8 |  873.2 |
       Dungeon |   6579 |   6330 |    249 |   1301 |   3762 |   7 |  939.9 |
         Sewer |    407 |    407 |      0 |     12 |    270 |   1 |  407.0 |
               +--------+--------+--------+--------+--------+-----+--------+

Top non-repeatable levels by time:
     D:6: 1296 daAuts
     D:4: 1110 daAuts
     D:3: 1044 daAuts
     D:5: 989 daAuts
     D:1: 980 daAuts
     D:2: 802 daAuts
   Sewer: 407 daAuts
     D:7: 356 daAuts
